 Dungeon Crawl Stone Soup version 0.28-a0-1159-g27aa881441 (webtiles) character file.

Game seed: 4416474657013036201

12267 SensoryNuts the Basher (level 11, -9/74 HPs)
             Began as a Demonspawn Fighter on Dec 15, 2021.
             Was an Initiate of Gozag.
             Mangled by a troll (13 damage)
             ... on level 11 of the Dungeon.
             The game lasted 00:25:38 (15010 turns).

SensoryNuts the Basher (Demonspawn Fighter)        Turns: 15010, Time: 00:25:39

Health: -9/74      AC: 21    Str: 27    XL:     11   Next: 60%
Magic:  20/20      EV: 11    Int: 11    God:    Gozag
Gold:   1236       SH: 17    Dex: 23    Spells: 10/10 levels left

rFire   . . .      SeeInvis +   m - +7 flail "Meicor" {venom, Dex+3}
rCold   . . .      Faith    .   C - +0 kite shield of Dogma {*Slow Will++ Dex+4}
rNeg    . . .      Spirit   .   k - +4 ring mail "Tuexat" {rF- Will++ MP+9 Str+3}
rPois   +          Reflect  +   (no helmet)
rElec   .          Harm     .   (no cloak)
rCorr   .          Rampage  .   n - +0 pair of gloves
Will    ++++.                   (boots unavailable)
Stlth   ++........              q - amulet of reflection
HPRegen 0.22/turn               i - ring "Luelokh" {rPois rF+ Dex+2 SInv}
MPRegen 0.17/turn               j - +6 ring of strength

@: gold aura, sanguine armoured
A: hooves 3, spiny 1, sanguine armour 2, agile 1, frail 1, weak 1
a: Renounce Religion, Potion Petition, Call Merchant, Bribe Branch


You were on level 11 of the Dungeon.
You worshipped Gozag.
Gozag was most pleased with you.
You visited 2 branches of the dungeon, and saw 12 of its levels.

You collected 1982 gold pieces.
You spent 678 gold pieces at shops.
You paid 68 gold pieces to Gozag.

Inventory:

Hand Weapons
 a - a +1 long sword
 f - the +5 falchion of the Poles {flame, rN+}
   (You found it on level 4 of the Dungeon)

   It burns those it strikes, dealing additional fire damage.
   Big, fiery blades are also staple armaments of hydra-hunters.
   rN:        It protects you from negative energy.
 m - the +7 flail "Meicor" (weapon) {venom, Dex+3}
   (You found it on level 5 of the Dungeon)

   It poisons the flesh of those it strikes.
   Dex:       It affects your dexterity (+3).
Missiles
 o - 3 throwing nets
Armour
 c - a +0 buckler
 k - the +4 ring mail "Tuexat" (worn) {rF- Will++ MP+9 Str+3}
   (You found it on level 10 of the Dungeon)

   Str:       It affects your strength (+3).
   rF:        It makes you vulnerable to fire.
   MP:        It affects your magic capacity (+9).
   Will:      It greatly increases your willpower.
 n - a +0 pair of gloves (worn)
 B - +0 steam dragon scales
 C - the +0 kite shield of Dogma (worn) {*Slow Will++ Dex+4}
   (You acquired it on level 11 of the Dungeon)

   Dex:       It affects your dexterity (+4).
   *Slow:     It may slow you when you take damage.
   Will:      It greatly increases your willpower.
Magical Staves
 e - a staff of earth
Jewellery
 i - the ring "Luelokh" (left hand) {rPois rF+ Dex+2 SInv}
   (You bought it in a shop on level 7 of the Dungeon)

   [ring of poison resistance]

   Dex:       It affects your dexterity (+2).
   rF:        It protects you from fire.
   rPois:     It protects you from poison.
   SInv:      It lets you see invisible.
 j - a +6 ring of strength (right hand)
 q - an amulet of reflection (around neck)
 y - a ring of positive energy
 A - a ring of fire
Wands
 b - a wand of digging (15)
 p - a wand of polymorph (19)
 r - a wand of flame (13)
 s - a wand of mindburst (3)
 u - a wand of paralysis (4)
 w - a wand of iceblast (7)
 x - a wand of acid (4) (quivered)
Scrolls
 d - 3 scrolls of vulnerability
 g - a scroll of acquirement
 l - 7 scrolls of identify
 v - 3 scrolls of teleportation
 z - a scroll of fear
Potions
 h - a potion of flight
 t - a potion of curing


   Skills:
 + Level 6.9 Fighting
 + Level 6.6 Long Blades
 * Level 10.9 Maces & Flails
 + Level 7.7 Armour
 + Level 3.4 Dodging
 + Level 1.4 Stealth
 + Level 6.3 Shields
 + Level 0.4 Evocations


You had 10 spell levels left.
You didn't know any spells.
Your spell library contained the following spells:

 Spells                   Type           Power      Damage    Failure   Level
 Freeze                   Ice            0%         1d3       83%         1
 Corpse Rot               Necr/Air       0%         N/A       93%         2
 Poisonous Vapours        Pois/Air       0%         N/A       93%         2
 Sublimation of Blood     Necr           0%         N/A       93%         2
 Frozen Ramparts          Ice            0%         1d2       99%         3
 Ignite Poison            Fire/Tmut/Pois 0%         N/A       99%         3
 Mephitic Cloud           Conj/Pois/Air  0%         N/A       99%         3
 Ozocubu's Armour         Ice            0%         N/A       99%         3
 Hailstorm                Conj/Ice       0%         3d3       100%        4
 Petrify                  Tmut/Erth      0%         N/A       100%        4
 Freezing Cloud           Conj/Ice/Air   0%         6-21      100%        5
 Irradiate                Conj/Tmut      0%         3d13      100%        5
 Ozocubu's Refrigeration  Ice            0%         4d5       100%        7


Dungeon Overview and Level Annotations

Branches:
Dungeon (11/15)            Temple (1/1) D:4            Lair (0/6) D:11
    Orc (0/2) D:11

Altars:
Ashenzari
Cheibriados
Dithmenos
Elyvilon
Fedhas
Gozag
Hepliaklqana
Kikubaaqudgha
Makhleb
Nemelex Xobeh
Okawaru
Qazlal
Ru
Sif Muna
Trog
Uskayaw
Vehumet
Wu Jian
Xom
Yredelemnul
Zin
The Shining One

Shops:
D:4 (   D:7 =


Innate Abilities, Weirdness & Mutations

You have hooves in place of feet.
You are partially covered in sharp spines.
When seriously injured, your blood forms thick armour. (AC +9)
You are agile. (Dex +2)
You are frail. (-10% HP)
You are weak. (Str -2)


Message History

Things that are here:
25 gold pieces; the +0 kite shield of Dogma {*Slow Will++ Dex+4}
C - the +0 kite shield of Dogma {*Slow Will++ Dex+4} The troll shouts!
You start removing your armour.
You continue taking off your +0 buckler. x4
You finish taking off your +0 buckler.
You start putting on your armour.
You continue putting on the +0 kite shield of Dogma {*Slow Will++ Dex+4}.
The troll bites you but does no damage.
Keep equipping yourself? [Y]es or [N]o only, please.
Keep equipping yourself? [Y]es or [N]o only, please.
Keep equipping yourself? [Y]es or [N]o only, please.
Keep equipping yourself?
The troll claws you but does no damage. The troll claws you!
* * * LOW HITPOINT WARNING * * *
You continue putting on the +0 kite shield of Dogma {*Slow Will++ Dex+4}.
The troll bites you.
* * * LOW HITPOINT WARNING * * *
The troll claws you but does no damage. The troll claws you!
* * * LOW HITPOINT WARNING * * *
You continue putting on the +0 kite shield of Dogma {*Slow Will++ Dex+4}.
You block the troll's attack. The troll barely misses you. x2
You continue putting on the +0 kite shield of Dogma {*Slow Will++ Dex+4}.
The troll bites you but does no damage. The troll completely misses you.
The troll claws you.
* * * LOW HITPOINT WARNING * * *
You continue putting on the +0 kite shield of Dogma {*Slow Will++ Dex+4}.
You block the troll's attack. The troll closely misses you.
The troll claws you but does no damage.
You finish putting on the +0 kite shield of Dogma {*Slow Will++ Dex+4}.
You feel agile.
You completely miss the troll. You kick the troll!
The troll is moderately wounded.
The troll bites you!
You die...
Your body crumbles into a pile of gold.

....##..#.#####.##############(.#
###.##..#.# #.# #####.#
........#.# #.# #...)..
........#.# #.# #......
......###.# #.# #......
###.......# #.# #...... #########
#.# #...... #####'####### ##...##
#.....@.....# ##.....#
#.....T.....# #..P.P..
#...........# ##.P...P.
#####.####### #........ ...
##........ .... #.....>... ....
..####.........
..#####..............
..#.####.....P.


You could see a troll.

Vanquished Creatures
  An emperor scorpion (shapeshifter) (D:11)
  A hydra (D:11)
  A boulder beetle (D:11)
  A death yak (D:11)
  2 two-headed ogres (D:11)
  Pikel (D:7)
  A cyclops (D:11)
  An elephant (D:11)
  A gargoyle (D:11)
  A troll (D:11)
  A hornet (D:11)
  Sigmund (D:2)
  2 vampires
  A wyvern (D:8)
  6 yaks (D:9)
  Menkaure (D:4)
  Grum (D:11)
  Duvessa (D:4)
  3 ice beasts
  2 sky beasts
  2 black bears (D:11)
  2 orc warriors
  A necrophage (D:4)
  4 wolves (D:11)
  A centaur (D:10)
  A lemure (D:7)
  4 kobold brigands
  A gnoll sergeant (D:8)
  2 bullfrogs
  2 wyvern zombies
  A scorpion (D:3)
  Dowan (D:4)
  5 howler monkeys
  2 lava snakes (D:7)
  A bullfrog zombie (D:6)
  A jelly (D:3)
  2 centaur skeletons
  5 centaur zombies
  6 orc priests
  2 hounds
  4 iguanas
  7 orc wizards
  A killer bee zombie (D:7)
  2 hound zombies
  A howler monkey zombie (D:9)
  Robin (D:2)
  7 gnolls
  7 adders
  A shadow imp (D:6)
  A white imp (D:7)
  An ufetubus (D:5)
  An adder skeleton (D:4)
  2 worms (D:3)
  A dart slug (D:2)
  49 orcs
  8 bats
  5 endoplasms
  3 giant cockroaches
  8 goblins
  4 hobgoblins
  5 quokkas
  5 ball pythons
  4 frilled lizards
  20 kobolds
  20 rats
244 creatures vanquished.

Vanquished Creatures (collateral kills)
  A wyvern (D:7)
  A gnoll shaman (D:7)
  An orc wizard (D:7)
  4 gnolls (D:7)
7 creatures vanquished.

Grand Total: 251 creatures vanquished

Notes
Turn   | Place    | Note
-------+----------+-------------------------------------------
     0 | D:1      | SensoryNuts the Demonspawn Fighter began the quest for the
                  | Orb.
     0 | D:1      | Reached XP level 1. HP: 18/18 MP: 1/1
   339 | D:1      | Gained mutation: When seriously injured, your blood forms
                  | armour. (AC +9) [demonic ancestry]
   339 | D:1      | Reached XP level 2. HP: 13/24 MP: 2/2
  1064 | D:2      | Noticed Sigmund
  1072 | D:2      | Killed Sigmund
  1073 | D:2      | Gained mutation: You have large cloven feet. [demonic
                  | ancestry]
  1073 | D:2      | Reached XP level 3. HP: 16/30 MP: 3/3
  1073 | D:2      | Gained mutation: When seriously injured, your blood forms
                  | thick armour. (AC +9) [demonic ancestry]
  1073 | D:2      | Reached XP level 4. HP: 20/37 MP: 4/4
  1073 | D:2      | Reached XP level 5. HP: 23/42 MP: 5/5
  1397 | D:2      | Noticed Robin
  1412 | D:2      | Killed Robin
  1796 | D:2      | You fall into a shaft and drop 1 floor!
  2107 | D:3      | Reached skill level 1 in Dodging
  2107 | D:3      | Gained mutation: You have hoof-like feet. [demonic
                  | ancestry]
  2107 | D:3      | Reached XP level 6. HP: 29/48 MP: 6/6
  2569 | D:3      | Found a faded altar of an unknown god.
  3333 | D:4      | Noticed Duvessa
  3333 | D:4      | Noticed Dowan
  3386 | D:4      | Killed Duvessa
  3387 | D:4      | Reached XP level 7. HP: 16/55 MP: 7/7
  3625 | D:4      | Killed Dowan
  3824 | D:4      | Identified the +5 falchion of the Poles {flame, rN+}
  4026 | D:4      | Noticed Menkaure
  4030 | D:4      | Killed Menkaure
  4031 | D:4      | Reached skill level 5 in Long Blades
  4159 | D:4      | Found a staircase to the Ecumenical Temple.
  4199 | D:4      | HP: 2/55 [orc priest/divine providence (12)]
  4597 | Temple   | Entered the Ecumenical Temple
  4723 | Temple   | Became a worshipper of Gozag Ym Sagoz the Greedy
  4739 | D:4      | Found Ynessow's Weapon Shop.
  4816 | D:4      | Reached XP level 8. HP: 61/61 MP: 8/8
  4960 | D:5      | Entered Level 5 of the Dungeon
  5309 | D:5      | Reached skill level 5 in Armour
  5494 | D:5      | Found a hide-covered altar of Uskayaw.
  5494 | D:5      | Found a blossoming altar of Fedhas.
  5738 | D:5      | Identified the +7 flail "Meicor" {venom, Dex+3}
  6818 | D:6      | Reached skill level 1 in Maces & Flails
  7017 | D:6      | Reached skill level 2 in Maces & Flails
  8054 | D:7      | Reached skill level 5 in Fighting
  8054 | D:7      | Reached skill level 3 in Maces & Flails
  8098 | D:7      | Reached XP level 9. HP: 68/68 MP: 9/9
  8098 | D:7      | Noticed Pikel
  8099 | D:7      | Gained mutation: You are frail. (-10% HP) [potion of
                  | mutation]
  8099 | D:7      | Gained mutation: You are agile. (Dex +2) [potion of
                  | mutation]
  8099 | D:7      | Gained mutation: You are weak. (Str -2) [potion of
                  | mutation]
  8099 | D:7      | Gained mutation: You have hooves in place of feet. [potion
                  | of mutation]
  8108 | D:7      | Killed Pikel
  8109 | D:7      | Reached skill level 4 in Maces & Flails
  8204 | D:7      | Found Feyvag's Jewellery Shoppe.
  8597 | D:7      | Reached skill level 5 in Maces & Flails
 10005 | D:7      | Bought the ring "Luelokh" {rPois rF+ Dex+2 SInv} for 678
                  | gold pieces
 10099 | D:8      | Reached skill level 5 in Shields
 10165 | D:8      | Reached skill level 6 in Maces & Flails
 10889 | D:9      | HP: 2/61 [orc wizard/magic dart (4)]
 11914 | D:10     | Entered Level 10 of the Dungeon
 11928 | D:10     | Identified the +4 ring mail "Tuexat" {rF- Will++ MP+9
                  | Str+3}
 12120 | D:9      | Reached skill level 7 in Maces & Flails
 12120 | D:9      | Reached XP level 10. HP: 51/67 MP: 10/10
 12800 | D:10     | Found a shimmering altar of Xom.
 13044 | D:11     | Noticed a boulder beetle
 13062 | D:11     | Killed a boulder beetle
 13063 | D:11     | Reached skill level 8 in Maces & Flails
 13066 | D:11     | Noticed an elephant
 13165 | D:11     | Killed an elephant
 13338 | D:11     | Found a staircase to the Lair.
 13367 | D:11     | Noticed an emperor scorpion
 13378 | D:11     | Killed an emperor scorpion
 13379 | D:11     | Reached skill level 9 in Maces & Flails
 13600 | D:11     | Noticed a death yak
 13617 | D:11     | Killed a death yak
 13618 | D:11     | Reached skill level 1 in Stealth
 13618 | D:11     | Gained mutation: You are partially covered in sharp spines.
                  | [demonic ancestry]
 13618 | D:11     | Reached XP level 11. HP: 41/74 MP: 11/11
 13915 | D:11     | Noticed Grum
 13937 | D:11     | Killed Grum
 14234 | D:11     | Noticed a two-headed ogre
 14241 | D:11     | Killed a two-headed ogre
 14242 | D:11     | Reached skill level 10 in Maces & Flails
 14433 | D:11     | Found a staircase to the Orcish Mines.
 14577 | D:11     | Noticed a two-headed ogre
 14581 | D:11     | Killed a two-headed ogre
 14908 | D:11     | Found a basalt altar of Yredelemnul.
 14981 | D:11     | Noticed an eight-headed hydra
 14983 | D:11     | Identified 2 scrolls of acquirement
 14983 | D:11     | Acquired the +0 kite shield of Dogma {*Slow Will++ Dex+4}
 14990 | D:11     | Killed an eight-headed hydra
 15010 | D:11     | Mangled by a troll

Illustrated notes

Levels and vault maps discovered:
D:1:      amcnicky_arrival_blooded_trapdoor, layout_loops_corners,
          nrook_mini_vaults, ebering_dispersal_statue_hall,
          chequers_serial_rivers_micro_c
D:2:      layout_basic, minmay_rat_hole, uniq_robin, uniq_sigmund
D:3:      layout_basic, tso_metal_star, serial_curves, eino_curves_04,
          eino_curves_01, basic_ecumenical_altar, minivault_23
D:4:      layout_loops_ring, minmay_temple_entry_hall, serial_shops,
          nicolae_shop_bloodbath_and_beyond, uniq_menkaure, uniq_duvessa
D:5:      layout_layer_cave, gammafunk_temple_overflow_pools
D:6:      layout_gridville
D:7:      layout_cave_pools, serial_shops, nicolae_inconvenience_store,
          uniq_pikel
D:8:      layout_rooms
D:9:      layout_cave_pools
D:10:     layout_rooms, amcnicky_altar_gilded, serial_bayou_crossing
D:11:     layout_basic, david_lair_generic, hiddenorc1_lemuel,
          gauntlet_entry_generic, nrook_mini_backslash,
          lemuel_zombie_altar_yredelemnul, uniq_grum
Temple:   mainiacjoe_temple_coin_purse

Skill      XL: |  1  2  3  4  5  6  7  8  9 10 11 |
---------------+----------------------------------+-----
Long Blades    | 3 4 5 6 |  6.6
Armour         | 3 4 5 6 7 |  7.7
Shields        | 3 4 5 6 |  6.3
Fighting       | 4 5 6 |  6.9
Dodging        | 1 2 3 |  3.4
Maces & Flails | 3 7 9 10 | 10.9
Stealth        | 1 |  1.4
Evocations     | |  0.4

Action                   |  1- 3 |  4- 6 |  7- 9 | 10-12 || total
-------------------------+-------+-------+-------+-------++-------
Melee: Long sword        |    43 |   169 |    37 |       ||   249
       Kick              |       |    31 |    40 |    86 ||   157
       Falchion          |       |       |   123 |       ||   123
       Flail             |       |       |   190 |   164 ||   354
Evoke: Wand              |       |       |     4 |     2 ||     6
  Use: Potion            |     1 |     5 |     6 |     4 ||    16
       Scroll            |       |     6 |     7 |     1 ||    14
 Stab: Distracted        |       |       |     2 |       ||     2
Armor: Scale mail        |    33 |    90 |     3 |       ||   126
       Plate armour      |       |       |   218 |       ||   218
       Ring mail         |       |       |    17 |    65 ||    82
Dodge: Dodged            |    17 |    67 |   126 |   115 ||   325
Block: Buckler           |     6 |    19 |   102 |    84 ||   211
       Other             |       |       |       |     2 ||     2
       Reflection        |       |       |       |     1 ||     1

Table legend: (Time is in decaauts)
 A = Elapsed time spent in this place.
 B = Non-inter-level travel time spent in this place.
 C = Inter-level travel time spent in this place.
 D = Time resting spent in this place.
 E = Time spent auto-exploring this place.
 F = Levels seen in this place.
 G = Mean time per level.
                   A        B        C        D        E       F      G
               +--------+--------+--------+--------+--------+-----+--------+
         Total |  15130 |  14383 |    747 |    858 |  11329 |  12 | 1260.8 |
       Dungeon |  14990 |  14280 |    710 |    858 |  11242 |  11 | 1362.7 |
        Temple |    139 |    102 |     37 |      0 |     87 |   1 |  139.0 |
               +--------+--------+--------+--------+--------+-----+--------+

Top non-repeatable levels by time:
    D:11: 2036 daAuts
     D:8: 1716 daAuts
     D:3: 1602 daAuts
     D:6: 1553 daAuts
     D:9: 1435 daAuts
     D:5: 1354 daAuts
     D:7: 1333 daAuts
     D:2: 1219 daAuts
     D:1: 1075 daAuts
     D:4: 996 daAuts
    D:10: 666 daAuts
  Temple: 139 daAuts
